SAA
FT. POLK SOUTH THUNDER HAWKS @ TACOMA FUR TRADERS
08/23/2041
 
TOP OF THE 1ST
Ft. Polk South Thunder Hawks batting - Pitching for Tacoma Fur Traders : LHP Pedro Montáñez
Pitching: LHP Pedro Montáñez
Batting: LHB Marc Hayman 0-0: Ball
1-0: Foul Ball, location: 2F
1-1: Fly out, F8 (Flyball, 8LM, EV 91.9 MPH)
Batting: RHB Dermott Mann 0-0: Called Strike
0-1: Called Strike
0-2: DOUBLE (Flyball, 89D, EV 95.0 MPH)
Batting: LHB Remco Mastenbroek 0-0: Ball
1-0: Ball
2-0: Foul Ball, location: 2F
2-1: Ball
3-1: DOUBLE (Flyball, 8RXD, EV 90.6 MPH)
Dermott Mann scores
Batting: RHB Christiaan Bunschoten 0-0: Foul Ball, location: 2F
0-1: Ball
1-1: Called Strike
Remco Mastenbroek is caught stealing 3rd base 2-5
1-2: SINGLE (Flyball, 89M, EV 94.4 MPH)
Batting: LHB Jorge Agramunt 0-0: Foul Ball, location: 2F
0-1: Ground out 6-3 (Groundball, 6M, EV 88.1 MPH)
Top of the 1st over - 1 run, 3 hits, 0 errors, 1 left on base; Ft. Polk South 1 - Tacoma 0
BOTTOM OF THE 1ST
Tacoma Fur Traders batting - Pitching for Ft. Polk South Thunder Hawks : RHP Ralph Owens
Pitching: RHP Ralph Owens
Batting: LHB Jaako Haavisto 0-0: Ball
1-0: Fly out, F3 (Popup, 3SF, EV 84.4 MPH)
Batting: SHB Jake Pinto 0-0: Called Strike
0-1: Swinging Strike
0-2: Ball
1-2: Ball
2-2: Fly out, F8 (Flyball, 8LD, EV 93.1 MPH)
Batting: LHB Won-shik Yi 0-0: Swinging Strike
0-1: Swinging Strike
0-2: Ball
1-2: Foul Ball, location: 2F
1-2: Ball
2-2: Ball
3-2: Fly out, F9 (Line Drive, 9D, EV 111.2 MPH)
Bottom of the 1st over - 0 runs, 0 hits, 0 errors, 0 left on base; Ft. Polk South 1 - Tacoma 0
TOP OF THE 2ND
Ft. Polk South Thunder Hawks batting - Pitching for Tacoma Fur Traders : LHP Pedro Montáñez
Batting: RHB Kyle Goodbrand 0-0: Ball
1-0: Ball
2-0: Ball
3-0: Base on Balls
Batting: RHB Raúl Colomo 0-0: Foul Ball, location: 2F
0-1: Fly out, F9 (Line Drive, 9D, EV 95.0 MPH)
Batting: RHB Kamaaluddeen Kohli 0-0: Called Strike
0-1: SINGLE (Line Drive, 78S, EV 94.4 MPH)
Kyle Goodbrand to second
Batting: RHB Jasper Humphrey 0-0: Foul Ball, location: 2F
0-1: Swinging Strike
0-2: Ball
1-2: Fly out, F7 (Flyball, 7D, EV 94.4 MPH)
Batting: LHB Marc Hayman 0-0: Ball
1-0: Ball
2-0: SINGLE (Flyball, 9LS, EV 84.4 MPH)
Kyle Goodbrand to third
Kamaaluddeen Kohli to second
Batting: RHB Dermott Mann 0-0: Swinging Strike
0-1: Ball
1-1: Ball
2-1: Ball
3-1: Base on Balls
Kyle Goodbrand scores
Kamaaluddeen Kohli to third
Marc Hayman to second
Batting: LHB Remco Mastenbroek 0-0: Fly out, F3 (Line Drive, 3, EV 66.2 MPH)
Top of the 2nd over - 1 run, 2 hits, 0 errors, 3 left on base; Ft. Polk South 2 - Tacoma 0
BOTTOM OF THE 2ND
Tacoma Fur Traders batting - Pitching for Ft. Polk South Thunder Hawks : RHP Ralph Owens
Batting: LHB Hori Ikenaki 0-0: Foul Ball, location: 2F
0-1: Ball
1-1: Called Strike
1-2: Ball
2-2: Ball
3-2: Foul Ball, location: 2F
3-2: Strikes out swinging
Batting: RHB Baldwin Biele 0-0: Foul Ball, location: 2F
0-1: SINGLE (Groundball, 56D, EV 102.5 MPH)
Batting: RHB Félix Olvera 0-0: Ball
1-0: Ball
Wild Pitch!
Baldwin Biele to second
2-0: Ball
3-0: Base on Balls
Batting: RHB Terry Boyle 0-0: Fly out, F1 (Popup, P, EV 86.9 MPH)
Batting: RHB Jeroen Penning 0-0: Called Strike
0-1: Called Strike
0-2: Ball
1-2: Foul Ball, location: 7LSF, Error on foul ball, E7
1-2: Ball
2-2: Foul Ball, location: 2F
2-2: Strikes out swinging
Bottom of the 2nd over - 0 runs, 1 hit, 1 error, 2 left on base; Ft. Polk South 2 - Tacoma 0
TOP OF THE 3RD
Ft. Polk South Thunder Hawks batting - Pitching for Tacoma Fur Traders : LHP Pedro Montáñez
Batting: RHB Christiaan Bunschoten 0-0: Called Strike
0-1: Ball
1-1: Ball
2-1: Swinging Strike
2-2: Foul Ball, location: 2F
2-2: Strikes out looking
Batting: LHB Jorge Agramunt 0-0: Called Strike
0-1: Swinging Strike
0-2: Foul Ball, location: 2F
0-2: Ball
1-2: Foul Ball, location: 2F
1-2: Ball
2-2: Strikes out looking
Batting: RHB Kyle Goodbrand 0-0: Called Strike
0-1: Ball
1-1: Ball
2-1: SINGLE (Groundball, 56D, EV 96.9 MPH)
Batting: RHB Raúl Colomo 0-0: Ball
1-0: Ball
2-0: Fly out, F9 (Flyball, 9, EV 93.1 MPH)
Top of the 3rd over - 0 runs, 1 hit, 0 errors, 1 left on base; Ft. Polk South 2 - Tacoma 0
BOTTOM OF THE 3RD
Tacoma Fur Traders batting - Pitching for Ft. Polk South Thunder Hawks : RHP Ralph Owens
Batting: RHB Henry Kent 0-0: Called Strike
0-1: Ground out 5-3 (Groundball, 5S, EV 87.5 MPH)
Batting: LHB Jaako Haavisto 0-0: DOUBLE (Line Drive, 89XD, EV 101.2 MPH)
Batting: SHB Jake Pinto 0-0: Called Strike
0-1: Foul Ball, location: 2F
0-2: Foul Ball, location: 2F
0-2: Ground out 4-3 (Groundball, 4, EV 92.5 MPH)
Jaako Haavisto to third
Batting: LHB Won-shik Yi 0-0: Ball
1-0: Ball
2-0: SINGLE (Groundball, 6MD, EV 96.2 MPH)
Jaako Haavisto scores
Batting: LHB Hori Ikenaki 0-0: SINGLE (Line Drive, 8LS, EV 97.5 MPH)
Won-shik Yi to second
Batting: RHB Baldwin Biele 0-0: Foul Ball, location: 2F
0-1: Ball
1-1: Swinging Strike
1-2: Strikes out looking
Bottom of the 3rd over - 1 run, 3 hits, 0 errors, 2 left on base; Ft. Polk South 2 - Tacoma 1
TOP OF THE 4TH
Ft. Polk South Thunder Hawks batting - Pitching for Tacoma Fur Traders : LHP Pedro Montáñez
Batting: RHB Kamaaluddeen Kohli 0-0: Ball
1-0: Ball
2-0: Called Strike
2-1: Foul Ball, location: 2F
2-2: Strikes out swinging
Batting: RHB Jasper Humphrey 0-0: Ball
1-0: Ground out 4-3 (Groundball, 4, EV 81.2 MPH)
Batting: LHB Marc Hayman 0-0: Ball
1-0: Ground out 4-3 (Groundball, 4, EV 83.8 MPH)
Top of the 4th over - 0 runs, 0 hits, 0 errors, 0 left on base; Ft. Polk South 2 - Tacoma 1
BOTTOM OF THE 4TH
Tacoma Fur Traders batting - Pitching for Ft. Polk South Thunder Hawks : RHP Ralph Owens
Batting: RHB Félix Olvera 0-0: Ball
1-0: Called Strike
1-1: Swinging Strike
1-2: Strikes out swinging
Batting: RHB Terry Boyle 0-0: Ball
1-0: Ball
2-0: Ball
3-0: Base on Balls
Batting: RHB Jeroen Penning 0-0: Called Strike
0-1: SINGLE (Groundball, 6M, EV 100.0 MPH)
Terry Boyle to second
Batting: RHB Henry Kent 0-0: SINGLE (Groundball, 6M, EV 101.2 MPH) (infield hit)
Terry Boyle to third
Jeroen Penning to second
Batting: LHB Jaako Haavisto 0-0: Ball
1-0: SINGLE (Groundball, 6D, EV 94.4 MPH)
Terry Boyle scores
Jeroen Penning to third
Henry Kent to second
Runner from 3rd tries for Home, SAFE, no throw by CF
Batting: SHB Jake Pinto 0-0: Ball
1-0: Foul Ball, location: 2F
1-1: Ball
2-1: Foul Ball, location: 2F
2-2: Ball
3-2: Foul Ball, location: 2F
3-2: Grounds into double play, 4-6-3 (Groundball, 4, EV 92.5 MPH)
Bottom of the 4th over - 2 runs, 3 hits, 0 errors, 1 left on base; Ft. Polk South 2 - Tacoma 3
TOP OF THE 5TH
Ft. Polk South Thunder Hawks batting - Pitching for Tacoma Fur Traders : LHP Pedro Montáñez
Batting: RHB Dermott Mann 0-0: Ball
1-0: Ball
2-0: Foul Ball, location: 2F
2-1: Foul Ball, location: 2F
2-2: Foul Ball, location: 2F
2-2: Ball
3-2: Foul Ball, location: 2F
3-2: Base on Balls
Batting: LHB Remco Mastenbroek 0-0: SINGLE (Groundball, 34D, EV 96.9 MPH)
Dermott Mann to second
Batting: RHB Christiaan Bunschoten 0-0: Called Strike
0-1: Foul Ball, location: 2F
0-2: Ball
1-2: Ball
2-2: Foul Ball, location: 2F
2-2: Fielders Choice at 2nd, 3-6 (Groundball, 34, EV 85.0 MPH)
Dermott Mann to third
Batting: LHB Jorge Agramunt 0-0: Ball
1-0: Ball
2-0: Foul Ball, location: 2F
2-1: Ball
3-1: Base on Balls
Christiaan Bunschoten to second
Batting: RHB Kyle Goodbrand 0-0: SINGLE (Groundball, 56D, EV 98.1 MPH)
Dermott Mann scores
Christiaan Bunschoten to third
Jorge Agramunt to second
Runner from 3rd tries for Home, throw by LF and OUT! 7-2
Batting: RHB Raúl Colomo 0-0: Called Strike
0-1: Ball
1-1: Foul Ball, location: 2F
1-2: Foul Ball, location: 2F
1-2: SINGLE (Line Drive, 6MD, EV 98.8 MPH)
Jorge Agramunt to third
Kyle Goodbrand to second
Runner from 3rd tries for Home, SAFE, throw by CF to home
Batting: RHB Kamaaluddeen Kohli 0-0: Ball
1-0: Ball
2-0: Foul Ball, location: 2F
2-1: Ground out 5-3 (Groundball, 56S, EV 83.1 MPH)
Top of the 5th over - 2 runs, 3 hits, 0 errors, 2 left on base; Ft. Polk South 4 - Tacoma 3
BOTTOM OF THE 5TH
Tacoma Fur Traders batting - Pitching for Ft. Polk South Thunder Hawks : RHP Ralph Owens
Batting: LHB Won-shik Yi 0-0: Foul Ball, location: 2F
0-1: Foul Ball, location: 2F
0-2: Ball
1-2: Ground out 4-3 (Groundball, 4, EV 102.5 MPH)
Batting: LHB Hori Ikenaki 0-0: Foul Ball, location: 2F
0-1: Fly out, F7 (Flyball, 7, EV 82.5 MPH)
Batting: RHB Baldwin Biele 0-0: Ball
1-0: Fly out, F9 (Flyball, 9D, EV 106.9 MPH)
Bottom of the 5th over - 0 runs, 0 hits, 0 errors, 0 left on base; Ft. Polk South 4 - Tacoma 3
TOP OF THE 6TH
Ft. Polk South Thunder Hawks batting - Pitching for Tacoma Fur Traders : LHP Pedro Montáñez
Batting: RHB Jasper Humphrey 0-0: Called Strike
0-1: Called Strike
0-2: Foul Ball, location: 2F
0-2: Ball
1-2: Ground out U3 (Groundball, 3, EV 82.5 MPH)
Pitching: RHP Álex Ortíz
Batting: LHB Marc Hayman 0-0: SINGLE (Flyball, 9S, EV 88.8 MPH)
Batting: RHB Dermott Mann 0-0: Called Strike
0-1: Ball
1-1: Ball
2-1: Ball
3-1: Foul Ball, location: 2F
3-2: Foul Ball, location: 2F
3-2: Foul Ball, location: 2F
3-2: Base on Balls
Marc Hayman to second
Batting: LHB Remco Mastenbroek 0-0: Ball
1-0: Called Strike
Marc Hayman is caught stealing 3rd base 2-5
1-1: Swinging Strike
1-2: Foul Ball, location: 2F
1-2: Ball
2-2: Ball
3-2: Foul Ball, location: 2F
3-2: Foul Ball, location: 2F
3-2: Strikes out swinging
Top of the 6th over - 0 runs, 1 hit, 0 errors, 1 left on base; Ft. Polk South 4 - Tacoma 3
BOTTOM OF THE 6TH
Tacoma Fur Traders batting - Pitching for Ft. Polk South Thunder Hawks : RHP Ralph Owens
Batting: RHB Félix Olvera 0-0: Ball
1-0: Foul Ball, location: 2F
1-1: Swinging Strike
1-2: Ball
2-2: Foul Ball, location: 2F
2-2: Strikes out looking
Pitching: LHP Salvador Graciani
Batting: RHB Terry Boyle 0-0: Ball
1-0: Ground out 6-3 (Groundball, 6, EV 104.4 MPH)
Batting: RHB Jeroen Penning 0-0: Ground out 5-3 (Groundball, 6S, EV 89.4 MPH)
Bottom of the 6th over - 0 runs, 0 hits, 0 errors, 0 left on base; Ft. Polk South 4 - Tacoma 3
TOP OF THE 7TH
Ft. Polk South Thunder Hawks batting - Pitching for Tacoma Fur Traders : RHP Álex Ortíz
Batting: RHB Christiaan Bunschoten 0-0: Ball
1-0: Called Strike
1-1: Ball
2-1: Called Strike
2-2: Foul Ball, location: 2F
2-2: Foul Ball, location: 2F
2-2: Fly out, F8 (Line Drive, 8RM, EV 88.8 MPH)
Batting: LHB Jorge Agramunt 0-0: Ball
1-0: Ball
2-0: Called Strike
2-1: Foul Ball, location: 2F
2-2: Foul Ball, location: 2F
2-2: Ball
3-2: Base on Balls
Batting: RHB Kyle Goodbrand 0-0: Ball
1-0: Foul Ball, location: 2F
1-1: Swinging Strike
1-2: Ball
2-2: Ball
3-2: Foul Ball, location: 2F
3-2: Strikes out looking
Jorge Agramunt steals 2nd base
Batter strikes out.
Batting: RHB Raúl Colomo 0-0: Ball
1-0: DOUBLE (Line Drive, 9LS, EV 97.5 MPH)
Jorge Agramunt scores
Batting: RHB Kamaaluddeen Kohli 0-0: Called Strike
0-1: Swinging Strike
0-2: Fly out, F8 (Flyball, 8RS, EV 83.1 MPH)
Top of the 7th over - 1 run, 1 hit, 0 errors, 1 left on base; Ft. Polk South 5 - Tacoma 3
BOTTOM OF THE 7TH
Tacoma Fur Traders batting - Pitching for Ft. Polk South Thunder Hawks : LHP Salvador Graciani
Batting: RHB Henry Kent 0-0: Swinging Strike
0-1: Fly out, F7 (Flyball, 78XD, EV 87.5 MPH)
Batting: LHB Jaako Haavisto 0-0: Called Strike
0-1: Ground out 5-3 (Groundball, 56, EV 86.2 MPH)
Batting: SHB Jake Pinto 0-0: Ball
1-0: Foul Ball, location: 2F
1-1: Ground out 5-3 (Groundball, 56S, EV 66.9 MPH)
Bottom of the 7th over - 0 runs, 0 hits, 0 errors, 0 left on base; Ft. Polk South 5 - Tacoma 3
TOP OF THE 8TH
Ft. Polk South Thunder Hawks batting - Pitching for Tacoma Fur Traders : RHP Álex Ortíz
Batting: RHB Jasper Humphrey 0-0: Ball
1-0: Ball
2-0: Foul Ball, location: 2F
2-1: Ball
3-1: Base on Balls
Pitching: RHP Vincent Moreau
Batting: LHB Marc Hayman 0-0: Bunted foul
0-1: Ball
1-1: Reached on error, E3 (Groundball, 3S, EV 43.8 MPH)
Jasper Humphrey to second
Batting: RHB Dermott Mann 0-0: Ball
1-0: Foul Ball, location: 2F
1-1: Ball
2-1: Ball
3-1: Swinging Strike
3-2: SINGLE (Flyball, 9LS, EV 91.2 MPH)
Jasper Humphrey to third
Marc Hayman to second
Jasper Humphrey scores
Marc Hayman to third
Batting: LHB Remco Mastenbroek 0-0: Ball
1-0: Foul Ball, location: 2F
1-1: Swinging Strike
1-2: Strikes out swinging
Batting: RHB Christiaan Bunschoten 0-0: Ground out 5-3 (Groundball, 5, EV 109.4 MPH)
Dermott Mann to second
Batting: LHB Jorge Agramunt 0-0: Fly out, F6 (Line Drive, 6, EV 71.2 MPH)
Top of the 8th over - 1 run, 1 hit, 1 error, 2 left on base; Ft. Polk South 6 - Tacoma 3
BOTTOM OF THE 8TH
Tacoma Fur Traders batting - Pitching for Ft. Polk South Thunder Hawks : LHP Salvador Graciani
Batting: LHB Won-shik Yi 0-0: Called Strike
0-1: Foul Ball, location: 2F
0-2: Ball
1-2: Ball
2-2: Foul Ball, location: 2F
2-2: Foul Ball, location: 2F
2-2: Foul Ball, location: 2F
2-2: Ball
3-2: Foul Ball, location: 2F
3-2: SINGLE (Line Drive, 34D, EV 100.6 MPH)
Batting: LHB Hori Ikenaki 0-0: Ball
1-0: Fly out, F9 (Flyball, 9LMF, EV 103.1 MPH)
Batting: RHB Baldwin Biele 0-0: Ball
1-0: Ball
2-0: Ball
3-0: Base on Balls
Won-shik Yi to second
Batting: RHB Félix Olvera 0-0: Ball
1-0: DOUBLE (Groundball, 5L, EV 97.5 MPH)
Won-shik Yi scores
Baldwin Biele to third
Pitching: RHP Zack Coffey
Batting: RHB Terry Boyle 0-0: Ground out 3-1 (Groundball, 34S, EV 64.4 MPH)
Baldwin Biele scores
Félix Olvera to third
Batting: RHB Jeroen Penning 0-0: SINGLE (Groundball, 56, EV 94.4 MPH) (infield hit)
Félix Olvera scores
Batting: RHB Henry Kent 0-0: Ball
1-0: Ball
2-0: Fly out, F2 (Popup, 2RF, EV 85.0 MPH)
Bottom of the 8th over - 3 runs, 3 hits, 0 errors, 1 left on base; Ft. Polk South 6 - Tacoma 6
TOP OF THE 9TH
Ft. Polk South Thunder Hawks batting - Pitching for Tacoma Fur Traders : RHP Vincent Moreau
Batting: RHB Kyle Goodbrand 0-0: Foul Ball, location: 2F
0-1: Foul Ball, location: 2F
0-2: Ball
1-2: Ground out 6-3 (Groundball, 56, EV 89.4 MPH)
Batting: RHB Raúl Colomo 0-0: Ball
1-0: Ball
2-0: Ball
3-0: Called Strike
3-1: Base on Balls
Pinch Hitting: LHB Gregory Clement 0-0: Ball
1-0: Foul Ball, location: 2F
1-1: Ball
2-1: Ball
3-1: Foul Ball, location: 2F
3-2: Base on Balls
Raúl Colomo to second
Batting: RHB Jasper Humphrey 0-0: Foul Ball, location: 2F
0-1: Ball
1-1: Foul Ball, location: 2F
1-2: Ball
2-2: Ball
3-2: Fly out, F5 (Popup, 56, EV 80.0 MPH)
Batting: LHB Marc Hayman 0-0: Fly out, F3 (Line Drive, 3, EV 75.0 MPH)
Top of the 9th over - 0 runs, 0 hits, 0 errors, 2 left on base; Ft. Polk South 6 - Tacoma 6
BOTTOM OF THE 9TH
Tacoma Fur Traders batting - Pitching for Ft. Polk South Thunder Hawks : RHP Zack Coffey
Now at 3B: Madhavacharta Bhavalakar
Batting: LHB Jaako Haavisto 0-0: Called Strike
0-1: Foul Ball, location: 2F
0-2: Ball
1-2: Ball
2-2: SINGLE (Groundball, 34D, EV 103.1 MPH)
Batting: SHB Jake Pinto 0-0: Sac Bunt to 2L - play at first, batter OUT! 2-4
Jaako Haavisto to second
Batting: LHB Won-shik Yi 0-0: Called Strike
0-1: Ball
1-1: Fly out, F9 (Flyball, 9LS, EV 99.4 MPH)
Batting: LHB Hori Ikenaki 0-0: Intentional Walk
Batting: RHB Baldwin Biele 0-0: Foul Ball, location: 2F
0-1: Swinging Strike
0-2: Ball
1-2: Ball
2-2: Ball
3-2: Ground out 5-3 (Groundball, 56S, EV 63.8 MPH)
Bottom of the 9th over - 0 runs, 1 hit, 0 errors, 2 left on base; Ft. Polk South 6 - Tacoma 6
TOP OF THE 10TH
Ft. Polk South Thunder Hawks batting - Pitching for Tacoma Fur Traders : RHP Vincent Moreau
Pitching: RHP Cédric Dupré
Batting: RHB Dermott Mann 0-0: SINGLE (Groundball, 6MD, EV 96.9 MPH)
Batting: LHB Remco Mastenbroek 0-0: Ball
1-0: Fly out, F7 (Flyball, 7D, EV 95.0 MPH)
Batting: RHB Christiaan Bunschoten 0-0: Ball
1-0: Foul Ball, location: 2F
1-1: Ball
2-1: Ball
3-1: Base on Balls
Dermott Mann to second
Batting: LHB Jorge Agramunt 0-0: SINGLE (Line Drive, 7S, EV 111.2 MPH)
Dermott Mann to third
Christiaan Bunschoten to second
Batting: RHB Kyle Goodbrand 0-0: Called Strike
0-1: Ball
1-1: SINGLE (Line Drive, 9S, EV 111.2 MPH)
Dermott Mann scores
Christiaan Bunschoten to third
Jorge Agramunt to second
Batting: RHB Raúl Colomo 0-0: Called Strike
0-1: Foul Ball, location: 2F
0-2: Fly out, F8 (Line Drive, 8RM, EV 96.9 MPH)
Runner from 3rd tags up, SCORES, throw by CF
Batting: RHB Madhavacharta Bhavalakar 0-0: Foul Ball, location: 2F
0-1: Foul Ball, location: 2F
0-2: Ball
1-2: Fly out, F9 (Flyball, 89S, EV 86.2 MPH)
Top of the 10th over - 2 runs, 3 hits, 0 errors, 2 left on base; Ft. Polk South 8 - Tacoma 6
BOTTOM OF THE 10TH
Tacoma Fur Traders batting - Pitching for Ft. Polk South Thunder Hawks : RHP Zack Coffey
Batting: RHB Félix Olvera 0-0: Ball
1-0: SINGLE (Line Drive, 78M, EV 110.0 MPH)
Batting: RHB Terry Boyle 0-0: Foul Ball, location: 2F
0-1: SINGLE (Groundball, 6, EV 95.6 MPH) (infield hit)
Félix Olvera to second
Pinch Hitting: LHB Ezequiel Viana 0-0: Ball
1-0: Fly out, F8 (Line Drive, 8LM, EV 98.1 MPH)
Pinch Hitting: LHB Bari bin Sayyid 0-0: Foul Ball, location: 2F
0-1: Swinging Strike
0-2: Ball
1-2: Strikes out looking
Batting: LHB Jaako Haavisto 0-0: Called Strike
0-1: Ball
1-1: Fly out, F8 (Line Drive, 8LD, EV 88.1 MPH)
Bottom of the 10th over - 0 runs, 2 hits, 0 errors, 2 left on base; Ft. Polk South 8 - Tacoma 6
Tuesday, January 5th, 2021 - OOTP Baseball 20.8 Build 74